 Dungeon Crawl Stone Soup version 0.28.0-43-g3370ac3207 (webtiles) character file.

Game seed: 6769756105190201611

802 H0rd4k the Thaumaturge (level 7, -10/37 HPs)
             Began as a Deep Elf Hedge Wizard on Mar 24, 2022.
             Killed from afar by Pikel (22 damage)
             ... with an iceblast
             ... on level 4 of the Dungeon.
             The game lasted 00:10:32 (6020 turns).

H0rd4k the Thaumaturge (Deep Elf Hedge Wizard)      Turns: 6020, Time: 00:10:32

Health: -10/37     AC:  2    Str:  7    XL:     7   Next: 59%
Magic:  8/20       EV: 13    Int: 21    God:
Gold:   174        SH:  0    Dex: 14    Spells: 13/22 levels left

rFire   . . .      SeeInvis .   a - +0 dagger
rCold   . . .      Faith    .   (no shield)
rNeg    . . .      Spirit   .   b - +0 robe
rPois   .          Reflect  .   c - +0 hat
rElec   .          Harm     .   (no cloak)
rCorr   .          Rampage  .   (no gloves)
Will    .....                   (no boots)
Stlth   ++........              (no amulet)
HPRegen 0.12/turn               (no ring)
MPRegen 0.17/turn               (no ring)

@: no status effects
A: no striking features
a: no special abilities


You were on level 4 of the Dungeon.
You visited 1 branch of the dungeon, and saw 5 of its levels.
You also visited: Ossuary.

You collected 174 gold pieces.

Inventory:

Hand Weapons
 a - a +0 dagger (weapon)
 n - a +0 short sword of freezing
Armour
 b - a +0 robe (worn)
 c - a +0 hat (worn)
 o - the +3 ring mail "Maogi" {+Blink rF- SInv Stlth+}
   (You found it on level 4 of the Dungeon)

   rF:        It makes you vulnerable to fire.
   SInv:      It lets you see invisible.
   +Blink:    It lets you blink.
   Stlth:     It makes you more stealthy.
Magical Staves
 e - a staff of cold
Scrolls
 h - a scroll of vulnerability {unknown}
 i - 4 scrolls of teleportation {unknown}
 l - a scroll of silence {unknown}
 p - 3 scrolls of torment {unknown}
 q - a scroll of enchant armour {unknown}
 u - a scroll of summoning {unknown}
 v - a scroll of fear {unknown}
Potions
 d - 2 potions of lignification
 g - 4 potions of curing
 j - a potion of haste {unknown}
 k - 3 potions of magic
 m - a potion of flight {unknown}
 s - 4 potions of resistance
 t - 2 potions of invisibility


   Skills:
 + Level 0.3 Fighting
 + Level 4.1 Dodging
 - Level 2.4 Stealth
 + Level 8.2 Spellcasting
 + Level 5.6 Conjurations
 + Level 1.1 Summonings
 + Level 1.5 Translocations
 + Level 1.3 Fire Magic
 + Level 1.5 Air Magic
 + Level 1.2 Poison Magic


You had 13 spell levels left.
You knew the following spells:

 Your Spells              Type           Power      Damage    Failure   Level
a - Magic Dart            Conj           100%       1d8       1%          1
b - Blink                 Tloc           30%        N/A       6%          2
c - Conjure Flame         Conj/Fire      23%        6-21      5%          3
d - Mephitic Cloud        Conj/Pois/Air  20%        N/A       8%          3

Your spell library contained the following spells:

 Spells                   Type           Power      Damage    Failure   Level
 Apportation              Tloc           30%        N/A       4%          1
 Summon Small Mammal      Summ           52%        N/A       4%          1
 Animate Skeleton         Necr           16%        N/A       8%          1
 Slow                     Hex            32%        N/A       8%          1
 Call Imp                 Summ           13%        N/A       8%          2
 Lesser Beckoning         Tloc           15%        N/A       12%         3
 Manifold Assault         Tloc           15%        N/A       75%         5
 Conjure Ball Lightning   Conj/Air       11%        3x3d6     95%         6
 Discord                  Hex            4%         N/A       100%        8
 Disjunction              Tloc           7%         N/A       100%        8


Dungeon Overview and Level Annotations

Branches:
Dungeon (5/15)            Ossuary (visited)
 Temple: D:4-7

Altars:

Annotations:
D:1 exclusion: 2 downstairs
D:3 exclusion: upstairs
D:4 exclusion: downstairs, Pikel


Message History

The fire begins to smoulder!
The lemure is engulfed in noxious fumes.
The lemure appears confused.
Pikel zaps a wand.
The mass of ice explodes!
The iceblast engulfs you.
The lemure is engulfed in noxious fumes.
The lemure appears confused.
The lemure hits the lemure but does no damage.
You hear a shout!
The lemure is engulfed in noxious fumes.
The lemure appears confused.
The lemure is engulfed in noxious fumes.
The lemure appears confused.
The fire ignites!
Pikel is engulfed in noxious fumes.
The lemure is engulfed in noxious fumes.
The lemure appears confused.
The lemure is engulfed in blazing flames.
You kill the lemure!
That felt strangely unrewarding.
Pikel zaps a wand.
The mass of ice explodes!
The iceblast engulfs you!
* * * LOW HITPOINT WARNING * * *
The lemure is engulfed in noxious fumes.
The lemure appears confused.
The lemure barely misses Pikel.
The lemure hits itself.
Casting: Conjure Flame (dangerous; 5% risk of failure)
Confirm with . or Enter, or press ? or * to list all spells.
Aiming: Mephitic Cloud (dangerous; 8% risk of failure)
Press: ? - help, Shift-Dir - straight line, f - Pikel
Aim: Pikel, wielding a +2 whip of electrocution, wearing a +0 robe and carrying a wand of iceblast (2) (chance to affect: 72%)
The ball explodes into a vile cloud!
The stinking cloud engulfs Pikel but does no damage.
The stinking cloud engulfs the lemure but does no damage.
The lemure is lightly wounded.
Pikel is engulfed in noxious fumes.
Pikel appears confused.
Pikel is engulfed in blazing flames.
Pikel screams, "NO!
I can't bear this much noise."
Pikel grins madly.
Pikel seems less confused.
Pikel zaps a wand.
The mass of ice explodes!
The iceblast engulfs you!!
Ouch! That really hurt!
You die...

..........# ........'....≈##
..........#.........'...≈≈#
..........#.........'....≈##
......#..........#..#....≈≈## #
....5.#..........#5.#♣....≈≈## ##
#####............#..##.....≈≈###≈
#...........####.##.....≈≈≈≈≈
#......##...####..##......≈..
###.........@..K...##........
#.................##.......
#..................##♣.....
+...................#######
+..........................
+..........................
#..........................
#.†........................
######.†........................


You could see Pikel.

Vanquished Creatures
  Sigmund (D:2)
  3 lemures (D:4)
  A bullfrog (D:3)
  2 elf zombies (Ossuary)
  A water moccasin skeleton (D:4)
  Ijyb (D:5)
  2 bullfrog skeletons
  2 orc wizards (D:3)
  A hound skeleton (D:3)
  4 mummies (Ossuary)
  4 gnolls (D:5)
  6 adders
  An adder zombie (Ossuary)
  2 worms
  3 dart slugs
  3 orcs (D:3)
  9 ball pythons
  5 endoplasms
  4 giant cockroaches
  A gnoll zombie (Ossuary)
  4 goblins
  5 hobgoblins
  9 jackals
  5 kobolds
  4 quokkas
  5 bats
  A frilled lizard (D:1)
  A goblin zombie (Ossuary)
  A hobgoblin zombie (Ossuary)
  2 kobold zombies (Ossuary)
  3 orc zombies (Ossuary)
  8 rats
  A rat zombie (Ossuary)
105 creatures vanquished.

Notes
Turn   | Place    | Note
-------+----------+-------------------------------------------
     0 | D:1      | H0rd4k the Deep Elf Hedge Wizard began the quest for the
                  | Orb.
     0 | D:1      | Reached XP level 1. HP: 10/10 MP: 7/7
   262 | D:1      | Found a faded altar of an unknown god.
   298 | D:1      | Reached skill level 5 in Spellcasting
   375 | D:1      | Reached XP level 2. HP: 15/15 MP: 8/10
  1357 | D:2      | Reached XP level 3. HP: 8/19 MP: 1/11
  1656 | D:1      | Learned a level 2 spell: Blink
  1660 | D:1      | Learned a level 3 spell: Conjure Flame
  1664 | D:1      | Learned a level 3 spell: Mephitic Cloud
  1856 | D:2      | Noticed Sigmund
  2367 | D:3      | Reached XP level 4. HP: 24/24 MP: 9/13
  2542 | D:3      | Noticed a bullfrog
  2564 | D:3      | Killed a bullfrog
  2565 | D:3      | Reached skill level 6 in Spellcasting
  2565 | D:3      | Reached XP level 5. HP: 26/28 MP: 4/15
  2806 | D:3      | Reached skill level 1 in Fire Magic
  2806 | D:3      | Reached skill level 1 in Air Magic
  2806 | D:3      | Reached skill level 1 in Poison Magic
  3966 | D:4      | Identified the +3 ring mail "Maogi" {+Blink rF- SInv
                  | Stlth+}
  3982 | D:4      | Found a sand-covered staircase.
  3987 | Ossuary  | Entered an ossuary
  4141 | Ossuary  | Reached XP level 6. HP: 24/32 MP: 2/17
  4183 | Ossuary  | Reached skill level 7 in Spellcasting
  4989 | D:4      | Noticed Pikel
  5372 | D:2      | Killed Sigmund
  5373 | D:2      | Reached skill level 5 in Conjurations
  5373 | D:2      | Reached XP level 7. HP: 26/36 MP: 10/20
  5584 | D:5      | Entered Level 5 of the Dungeon
  5714 | D:5      | Reached skill level 8 in Spellcasting
  5719 | D:5      | Noticed Ijyb
  5727 | D:5      | Killed Ijyb
  6020 | D:4      | Killed from afar by Pikel

Illustrated notes

Levels and vault maps discovered:
D:1:      saegor_arrival_simple_a, layout_basic,
          shapermc_ecumenical_altar_mp_urbaneastern
D:2:      layout_rooms, uniq_sigmund
D:3:      layout_basic
D:4:      layout_basic, mainiacjoe_overflow_alcove_4, enter_ossuary_2,
          kennysheep_donut, uniq_pikel
D:5:      layout_gridville, nicolae_wu_jian_immortal_techniques,
          minmay_statues_item, uniq_prince_ribbit1, uniq_menkaure, uniq_ijyb

Skill      XL: |  1  2  3  4  5  6  7 |
---------------+----------------------+-----
Spellcasting   | 5 6 7 8 |  8.2
Conjurations   | 2 3 4 5 |  5.6
Fire Magic     | 1 |  1.3
Air Magic      | 1 |  1.5
Poison Magic   | 1 |  1.2
Dodging        | 3 4 |  4.1
Fighting       | |  0.3
Stealth        | |  2.4
Summonings     | |  1.1
Translocations | |  1.5

Action                   |  1- 3 |  4- 6 |  7- 9 || total
-------------------------+-------+-------+-------++-------
Melee: Staff             |     4 |       |       ||     4
       Punch             |     1 |       |       ||     1
 Cast: Magic Dart        |   104 |   166 |    25 ||   295
       Mephitic Cloud    |     1 |     3 |     6 ||    10
       Conjure Flame     |       |    12 |     4 ||    16
       Blink             |       |     2 |       ||     2
  Use: Potion            |     1 |       |       ||     1
       Scroll            |       |       |     5 ||     5
Armor: Robe              |     2 |    14 |       ||    16
Dodge: Dodged            |     7 |    26 |     4 ||    37
